 Dungeon Crawl Stone Soup version 0.29.1-1-gd02db6906a (webtiles) character file.

Game seed: 12575716417918903329

238 Aibolit the Shooter (level 5, 0/42 HPs)
             Began as a Palentonga Hunter on Sept 24, 2022.
             Slain by a gnoll
             ... wielding a +0 flail
              (8 damage)
             ... on level 2 of the Dungeon.
             The game lasted 00:08:51 (1977 turns).

Aibolit the Shooter (Palentonga Hunter)             Turns: 1977, Time: 00:08:52

Health: 0/42       AC:  5    Str: 19 (22) XL:     5   Next: 78%
Magic:  5/5        EV:  9    Int:  9 (10) God:
Gold:   79         SH:  0    Dex: 14 (15) Spells: 4/4 levels left

rFire   . . .      SeeInvis +   a - +0 shortbow
rCold   . . .      Faith    .   (shield currently unavailable)
rNeg    . . .      Spirit   .   c - +1 leather armour
rPois   .          Reflect  .   (no helmet)
rElec   .          Harm     .   (no cloak)
rCorr   .          Rampage  .   (no gloves)
Will    .....                   (no barding)
Stlth   +.........              (no amulet)
HPRegen 0.14/turn               d - +6 ring of strength
MPRegen 0.09/turn               (no ring)

@: unable to read
A: large, rugged brown scales 3, see invisible, deformed body, roll 1, armoured
tail, inability to read after injury 1
a: Rolling Charge


You were on level 2 of the Dungeon.
You visited 1 branch of the dungeon, and saw 2 of its levels.

You collected 79 gold pieces.

Inventory:

Hand Weapons
 a - a +0 shortbow (weapon)
 f - a +0 dagger
Armour
 c - a +1 leather armour (worn)
Jewellery
 d - a +6 ring of strength (left hand)
Wands
 b - a wand of digging (5)
Scrolls
 e - a scroll of magic mapping
 g - 2 scrolls of identify
 h - a scroll of enchant armour


   Skills:
 + Level 2.8 Fighting
 + Level 5.2 Ranged Weapons
 + Level 1.2 Armour
 + Level 1.8 Dodging
 + Level 0.7 Stealth


You had 4 spell levels left.
You didn't know any spells.
Your spell library contained the following spells:

 Spells                   Type           Power      Damage    Failure   Level
 Sting                    Tmut/Pois      0%         1d3       43%         1
 Poisonous Vapours        Pois/Air       0%         N/A       58%         2
 Olgreb's Toxic Radiance  Pois           0%         N/A       99%         4


Dungeon Overview and Level Annotations

Branches:
Dungeon (2/15)

Altars:
Makhleb


Innate Abilities, Weirdness & Mutations

You are completely covered in rugged brown scales. (AC +3, +7% HP)
You have supernaturally acute eyesight. (SInv)
Armour fits poorly on your strangely shaped body.
You can roll at nearby foes to attack.
You have a long armoured tail.
You occasionally lose the ability to read scrolls when taking damage.


Message History

You shoot an arrow. The arrow hits the gnoll.
The gnoll is heavily wounded.
The gnoll barely misses you.
You shoot an arrow.
The arrow hits the gnoll but does no damage.
The gnoll is heavily wounded.
The gnoll hits you with a +0 flail.
A gnoll comes into view. It is wielding a +0 halberd.
The gnoll hits you with a +0 flail.
You are too injured to fight recklessly!
You are too injured to fight recklessly!
You are too injured to fight recklessly!
You are too injured to fight recklessly!
The gnoll attacks as you move away! The gnoll barely misses you.
The gnoll attacks as you move away! The gnoll closely misses you.
You are too injured to fight recklessly!
The gnoll attacks as you move away! The gnoll hits you with a +0 flail.
The gnoll attacks as you move away! The gnoll barely misses you.
The gnoll attacks as you move away! The gnoll barely misses you.
The gnoll attacks as you move away! The gnoll hits you with a +0 flail.
* * * LOW HITPOINT WARNING * * *
The gnoll attacks as you move away! The gnoll barely misses you.
You are too injured to fight recklessly!
You are too injured to fight recklessly!
There is a stone staircase leading down here.
You are too injured to fight recklessly!
You are too injured to fight recklessly!
Things that are here:
a +0 dagger; a goblin corpse You feel better.
The gnoll hits you with a +0 flail. The gnoll attacks as you move away!
The gnoll hits you with a +0 flail!
* * * LOW HITPOINT WARNING * * *
Items here: )) [[.
Aiming: Dig
Press: ? - help, Q - select action, (/) - cycle Shift-Dir - straight line, p - gnoll You can't see that place.
Okay, then.
The gnoll attacks as you move away! The gnoll hits you with a +0 flail!
You feel threatened and lose the ability to read scrolls!
You die...

.#.#
#.#.###≈#....#.#
#.# #.#.#
≈#..>.#.# #.#
#.#.# ####.#.# #.#
#.#.# #)#.# #.#
#.#.# #)#.# #.#
#.#.# #.#.# ##.#
#.#.# #.#.# .#.#
#...#.######g#.###
.#.#
#####......@.#...#
.#.#
######.##..#.#
.#.# #....##....#
.#.# #.#.....#..#
.#.###
#.##.#.##..#
.#...#
#...###...##
.#.#.###
#.##(#)##.#
.#.....#
#.#.....#.#
.#.....#
#...##....#


You could see a gnoll.

Vanquished Creatures
  Sigmund (D:2)
  Robin (D:2)
  A gnoll (D:2)
  An adder (D:2)
  A worm (D:2)
  A dart slug (D:2)
  2 ball pythons
  4 endoplasms
  3 giant cockroaches (D:1)
  4 hobgoblins
  4 jackals (D:1)
  2 kobolds
  A frilled lizard (D:2)
  9 goblins
  3 rats
38 creatures vanquished.

Notes
Turn   | Place    | Note
-------+----------+-------------------------------------------
     0 | D:1      | Aibolit the Palentonga Hunter began the quest for the Orb.
     0 | D:1      | Reached XP level 1. HP: 17/17 MP: 1/1
   318 | D:1      | Reached XP level 2. HP: 23/23 MP: 2/2
   988 | D:2      | Reached XP level 3. HP: 28/28 MP: 3/3
  1002 | D:2      | Reached skill level 4 in Ranged Weapons
  1019 | D:2      | Noticed Sigmund
  1071 | D:2      | Killed Sigmund
  1072 | D:2      | Reached skill level 5 in Ranged Weapons
  1072 | D:2      | Reached skill level 1 in Armour
  1072 | D:2      | Reached XP level 4. HP: 36/36 MP: 4/4
  1072 | D:2      | Reached XP level 5. HP: 41/41 MP: 5/5
  1283 | D:2      | Found a faded altar of an unknown god.
  1323 | D:2      | Gained mutation: You are frail. (-10% HP) [potion of
                  | mutation]
  1323 | D:2      | Gained mutation: You sometimes lose your temper in combat.
                  | [potion of mutation]
  1452 | D:2      | Found a burning altar of Makhleb.
  1805 | D:2      | Noticed Robin
  1838 | D:2      | Killed Robin
  1850 | D:2      | Lost mutation: You sometimes lose your temper in combat.
                  | [potion of mutation]
  1850 | D:2      | Lost mutation: You are frail. (-10% HP) [potion of
                  | mutation]
  1850 | D:2      | Gained mutation: You occasionally lose the ability to read
                  | scrolls when taking damage. [potion of mutation]
  1977 | D:2      | Slain by a gnoll

Illustrated notes

Levels and vault maps discovered:
D:1:      grunt_arrival_lava_bath, layout_basic
D:2:      layout_basic, basic_altar, hellmonk_ecumenical_altar_lost_god,
          nicolae_kite_square_tiling_tiny, chequers_serial_rivers_small_3,
          minmay_tall_x, uniq_sigmund, uniq_robin

Skill      XL: |  1  2  3 |
---------------+----------+-----
Ranged Weapons | 5 |  5.2
Armour         | 1 |  1.2
Fighting       | |  2.8
Dodging        | |  1.8
Stealth        | |  0.7

Action                   |  1- 3 |  4- 6 || total
-------------------------+-------+-------++-------
Melee: Dagger            |    10 |     2 ||    12
       Tailslap          |     1 |     1 ||     2
       Shortbow          |       |     2 ||     2
 Fire: Shortbow          |   100 |    44 ||   144
  Use: Scroll            |     4 |     2 ||     6
       Potion            |     1 |     7 ||     8
Armor: Leather armour    |    35 |     8 ||    43
       Skin              |     2 |       ||     2
Dodge: Dodged            |    37 |    26 ||    63
